Cogmind - Beta 15 @@@ ROGUE MODE // 2025.05.11 @ 23:39:36 Player: GayPredator Result: Self-destructed Performance ------------- Evolutions (3) 1500 Regions Visited (4) 800 Robots Destroyed (91) 455 Value Destroyed (2784) 2784 Prototype IDs (8) 160 Alien Tech Used (0) 0 Bonus (26) 26 TOTAL SCORE: 5725 Bonus ------- High Alert Combat Kills 26 Cogmind --------- Core Integrity 585/700 Matter 300/300 Energy 290/290 System Corruption 3% Temperature Cool (0) Movement Treading (237) Ox1 Location -7/Factory Parts ------- > --- POWER (1) -------- Reinforced Deuterium Engine > --- PROPULSION (4) --- Armored Treads Advanced Treads > --- UTILITY (5) ------ Large Storage Unit Active Sensor Suite > --- WEAPON (3) ------- Flak Cannon > --- INVENTORY (15) --- Improved Deuterium Engine Light Treads Advanced Treads Improved Heat Sink Large Matter Pod (39) Trap Scanner Improved Sensor Array Improved Signal Interpreter Recoil Stabilizer Kinecellerator Hardened Medium Armor Plating Hardened Medium Armor Plating Graphene Brace Hardlight Generator Tractor Beam Peak State ------------ > --- POWER ------------ Reinforced Deuterium Engine > --- PROPULSION ------- Armored Treads Armored Treads Advanced Treads Advanced Treads > --- UTILITY ---------- Large Storage Unit Active Sensor Suite Medium Reactive Plating > --- WEAPON ----------- Flak Cannon Flak Cannon Flak Cannon > --- INVENTORY -------- Improved Deuterium Engine Light Treads Advanced Treads Improved Heat Sink Large Matter Pod Trap Scanner Improved Sensor Array Improved Signal Interpreter Kinecellerator Hardened Medium Armor Plating Hardened Medium Armor Plating Graphene Brace Hardlight Generator Tractor Beam [Rating: 61] Favorites ----------- Power Ion Engine Engine Ion Engine Propulsion Light Treads Treads Light Treads Leg Aluminum Leg Wheel Wheel Utility Large Storage Unit Device Active Sensor Suite Storage Large Storage Unit Processor Improved Signal Interpreter Hackware Hacking Suite Protection Medium Reactive Plating Weapon Flak Cannon Energy Gun Small Laser Energy Cannon Beam Cannon Ballistic Gun Enhanced Autogun Ballistic Cannon Flak Cannon Launcher Advanced EMP Blaster Build | -11 -10 -10 -8 -7 ------- Run | Yrd Mat Sub Mat Fac Slots Evolved 6 | . . . 4 2 Power . | . . . . . Propulsion 2 | . . . 1 1 Utility 3 | . . . 2 1 Weapon 1 | . . . 1 . Parts Attached 60 | 9 12 . 29 10 Power 2 | 1 . . 1 . Engine 2 | 1 . . 1 . Core . | . . . . . Reactor . | . . . . . Propulsion 17 | 2 5 . 8 2 Treads 14 | 2 2 . 8 2 Leg 2 | . 2 . . . Wheel 1 | . 1 . . . Hover . | . . . . . Flight . | . . . . . Utility 21 | 3 3 . 11 4 Device 9 | 2 . . 7 . Storage 2 | 1 1 . . . Processor 3 | . 1 . 2 . Hackware 2 | . 1 . . 1 Protection 5 | . . . 2 3 Artifact . | . . . . . Weapon 20 | 3 4 . 9 4 Energy Gun 7 | 2 1 . 3 1 Energy Cannon 1 | . 1 . . . Ballistic Gun 4 | 1 . . 3 . Ballistic Cannon 7 | . 2 . 2 3 Launcher 1 | . . . 1 . Special Weapon . | . . . . . Impact Weapon . | . . . . . Slashing Weapon . | . . . . . Piercing Weapon . | . . . . . Special Melee Weapon . | . . . . . Unidentified Prototypes 5 | . . . 5 . Corrupted Parts 4 | . . . 4 . System Corruption 25 | . . . 25 . Parts Lost 9 | . 3 . 1 5 Power . | . . . . . Propulsion 4 | . 1 . 1 2 Utility 1 | . . . . 1 Weapon 4 | . 2 . . 2 Highest Loss Streak 5 | . 1 . 1 5 To Critical Strikes . | . . . . . Average Backups 12 | 3 10 14 13 14 Power . | . 1 1 1 1 Propulsion 2 | 1 2 3 2 2 Utility 8 | . 5 8 8 11 Weapon . | . . 2 1 . Tool/Special . | . . . . . Unused Backups 27 | 2 3 . 11 11 Power 3 | . 1 . . 2 Propulsion 9 | 2 2 . 3 2 Utility 12 | . . . 5 7 Weapon 3 | . . . 3 . Tool/Special . | . . . . . Average Slot Usage (%) 93 | . 99 99 98 83 Engine 10 | . 14 14 9 7 Treads 25 | . 18 28 26 29 Leg 2 | . 9 . . . Device 8 | . 2 13 12 8 Storage 10 | . 14 14 9 7 Processor 4 | . 5 . 8 . Hackware 2 | . 6 . . 1 Protection 2 | . . . 4 3 Energy Gun 1 | . 3 . 1 . Ballistic Gun 6 | . 3 . 14 1 Ballistic Cannon 16 | . 16 28 9 20 Peak Build Rating 61 | 9 11 9 54 61 Average Rating 31 | 6 9 8 25 59 On Entrance 16 | . 9 11 9 54 Naked Turns . | . . . . . Heaviest Build 77 | 13 31 32 51 77 Greatest Support 84 | 40 40 40 62 84 Greatest Overweight (x) 2 | . 2 . 1 . Average Overweight (x) . | . . . . . Largest Inventory Capacity 15 | 8 15 15 15 15 Average Capacity 14 | 7 13 15 15 15 Most Carried 15 | 6 15 15 15 15 Average Carried 12 | 3 10 14 13 14 Final Capacity 15 | 8 15 15 15 15 Final Carried 15 | 6 14 15 15 15 Class Distribution -------------------- 36% | Mutant 35% | Scavenger-Skirmisher 24% | Skirmisher 3% | Tank Dominant Class ---------------- Mutant | -10/Materials Mutant | -10/Subcaves Skirmisher | -8/Materials Scavenger-Skirmisher | -7/Factory Resources | -11 -10 -10 -8 -7 ----------- Run | Yrd Mat Sub Mat Fac Matter Collected 3611 | 295 360 72 1941 943 Remotely 296 | . . . 212 84 Salvage Created 3058 | 120 664 46 1611 617 Parts 171 | 6 36 7 92 30 Haulers Intercepted 8 | . 2 . 5 1 Recyclers Shooed 2 | 1 1 . . . Parts Field Recycled . | . . . . . Retrieved Matter . | . . . . . Parts Self-Destructed . | . . . . . Prevented . | . . . . . Kills | -11 -10 -10 -8 -7 ------- Run | Yrd Mat Sub Mat Fac Combat Hostiles Destroyed 57 | . 9 3 27 18 Melee 3 | . . . . 3 Guns 21 | . 3 . 16 2 Cannons 31 | . 5 3 10 13 AOE 2 | . 1 . 1 . Classes Destroyed 13 | 2 4 1 5 1 Worker 6 | . . . 3 3 Tunneler 2 | 2 . . . . Hauler 8 | . 2 . 5 1 Recycler 6 | 1 1 . 3 1 Operator 3 | . 2 . 1 . Watcher 9 | . 3 . 4 2 Swarmer 8 | . . . 8 . Grunt 29 | . 9 . 11 9 Sentry 9 | . . . 6 3 Hunter 3 | . . . 1 2 Programmer 4 | . . . . 4 Heavy 1 | . . . 1 . Subdweller 3 | . . 3 . . Best Kill Streak 6 | 2 3 1 5 6 Combat Bots Only 5 | . 2 1 4 5 Max Kills in Single Turn 2 | 1 1 1 2 2 Gunslinging . | . . . . . Exploded 1 | . 1 . 1 . Melee 1 | . . . . 1 Uniques/NPCs Destroyed . | . . . . . Combat | -11 -10 -10 -8 -7 -------- Run | Yrd Mat Sub Mat Fac Hostile Shots Fired 423 | . 63 22 108 230 Missed 125 | . 14 9 36 66 Hits 298 | . 49 13 72 164 Projectile 298 | . 49 13 72 164 Critical Strikes 10 | . 2 2 2 4 Part Disruptions 1 | . . . . 1 Damage Taken 3772 | . 783 297 866 1826 Core 452 | . 153 42 142 115 Absorbed by Shields 104 | . . . 104 . Ignored by Resistances 305 | . . . . 305 Core Remaining (%) 65 | 100 . 22 74 . Volleys Fired 207 | 5 46 16 91 49 Largest 3 | 2 2 2 3 3 Hottest 137 | 60 100 60 137 130 Shots Fired 523 | 10 89 32 270 122 Gun 247 | 10 53 . 164 20 Cannon 273 | . 36 32 104 101 Launcher 3 | . . . 2 1 Special . | . . . . . Kinetic 453 | 5 40 32 258 118 Thermal 48 | 5 40 . . 3 Explosive . | . . . . . Electromagnetic 22 | . 9 . 12 1 Robot Hit Streak 16 | 4 8 12 10 16 Robot Miss Streak 12 | 1 2 2 8 12 Penetration Max . | . . . . . Secondary Targets 4 | . . . 4 . Max Gunslinging Chain 1 | . . . 1 . Shots Hit Robots 356 | 7 57 26 165 101 Core Hits 219 | 5 30 6 77 101 Critical Kills . | . . . . . Critical Parts Destroyed 1 | . . . 1 . Critical Strikes 5 | . 2 . 3 . Destroy 1 | . . . 1 . Blast 3 | . 1 . 2 . Corrupt 1 | . 1 . . . Melee Attacks . | . . . . . Impact . | . . . . . Slashing . | . . . . . Piercing . | . . . . . Sneak Attacks . | . . . . . Combat Hostiles . | . . . . . Follow-up Attacks . | . . . . . Damage Inflicted 6261 | 66 917 453 2916 1909 Guns 2454 | 66 346 . 1761 281 Cannons 3258 | . 399 453 1043 1363 Explosions 297 | . 156 . 112 29 Melee . | . . . . . Ramming 252 | . 16 . . 236 Kinetic 4973 | 13 287 453 2666 1554 Thermal 717 | 53 519 . 55 90 Explosive . | . . . . . Electromagnetic 319 | . 95 . 195 29 Impact . | . . . . . Slashing . | . . . . . Piercing . | . . . . . Highest Corruption 25 | . 1 1 25 3 Average Corruption 2 | . 1 1 9 2 Corruption Purged . | . . . . . Corruption Blocked . | . . . . . Effects 23 | . 3 4 2 14 Message Errors 6 | . . 2 . 4 Matter Fused 5 | . . . 1 4 Heat Flow Errors 2 | . . . . 2 Energy Discharges 3 | . 2 . 1 . Data Loss (minor) 2 | . 1 1 . . Data Loss (major) 2 | . . 1 . 1 Misfires 1 | . . . . 1 Alerts 2 | . . . . 2 Overload Shots . | . . . . . Overflow Damage 37 | . 16 . . 21 Projectiles . | . . . . . Explosions 16 | . 16 . . . Melee 21 | . . . . 21 Knockbacks 55 | . . 4 13 38 Impact 1 | . . . . 1 Kinetic 46 | . . 4 13 29 Secondary 8 | . . . . 8 Self-Inflicted Damage 66 | . 60 . . 6 Shots 3 | . 2 . . 1 Rammed 23 | . 5 . . 18 Targets Rammed 27 | . 5 . . 22 Kicked . | . . . . . Crushed 4 | . . . . 4 Highest Temperature 380 | 20 238 . 359 380 Average Temperature 85 | 12 92 . 65 109 Received Heat Transfer 914 | . 384 48 209 273 Effects 4 | . . . 2 2 Shutdowns 1 | . . . . 1 Interference 2 | . . . 1 1 Short Circuit 1 | . . . 1 . Siege Activations . | . . . . . Martial Activations . | . . . . . Shielding Activations . | . . . . . Robots Disrupted . | . . . . . Combat Hostiles . | . . . . . Robots Corrupted 1 | . . . . 1 Combat Hostiles . | . . . . . Parts Fried 2 | . . . . 2 Impact Corruptions 2 | . . . . 2 Robots Melted . | . . . . . Combat Hostiles . | . . . . . Parts Melted 1 | . . . . 1 Heat Transferred 1342 | 125 967 . 50 200 Parts Sabotaged . | . . . . . Parts Stolen . | . . . . . Parts Stripped . | . . . . . Power Chain Reactions 4 | . 3 . 1 . Alert | -11 -10 -10 -8 -7 ------- Run | Yrd Mat Sub Mat Fac Maximum Alert Level 2 | . . . 2 2 Low Security (%) 84 | 100 100 . 68 84 Level 1 13 | . . . 24 13 Level 2 2 | . . . 6 2 Level 3 . | . . . . . Level 4 . | . . . . . Level 5 . | . . . . . High Security . | . . . . . Max Security . | . . . . . Peak Influence 476 | 5 83 . 412 476 Initial 177 | . . . . 177 Average 123 | 1 23 . 190 148 Influence Increases 2193 | 15 384 . 924 870 Destroy 0b10 Robot/C 1080 | . 180 . 540 360 Destroy 0b10 Robot/NC 170 | 15 40 . 80 35 Destroy Leader 304 | . 50 . 138 116 Successful Hack 85 | . 42 . . 43 Disable Machine 105 | . 45 . 45 15 Destroy Structure 29 | . 12 . 16 1 Lose Combat Pursuer 120 | . 15 . 105 . Active Sensor Use 300 | . . . . 300 Influence Decreases 1770 | 15 384 . 532 839 Entered New Map 215 | . . . . 215 Time Decay 1465 | 15 354 . 522 574 Lost Part 90 | . 30 . 10 50 Squads Dispatched 13 | . . . 3 10 Investigation 5 | . . . 1 4 Extermination 4 | . . . . 4 Reinforcement 4 | . . . 2 2 Assault . | . . . . . Garrison . | . . . . . Intercept . | . . . . . Searches Triggered . | . . . . . Construction Impeded . | . . . . . Haulers Reinforced . | . . . . . Active Scanning Responses 3 | . . . . 3 Cargo Convoy Interrupts . | . . . . . Stealth | -11 -10 -10 -8 -7 --------- Run | Yrd Mat Sub Mat Fac Distress Signals 6 | . . . 5 1 Communications Jammed . | . . . . . Distress Signals . | . . . . . Times Spotted 92 | . 15 5 42 30 Peak Tracking Total 8 | . 5 2 6 8 Tactical Retreats 6 | . 1 1 4 . Traps | -11 -10 -10 -8 -7 ------- Run | Yrd Mat Sub Mat Fac Traps Triggered 5 | . 4 . 1 . Indirectly . | . . . . . Trap Hack Attempts . | . . . . . Triggered . | . . . . . Disarmed . | . . . . . Reprogrammed . | . . . . . Reused . | . . . . . Traps Extracted . | . . . . . Installed . | . . . . . Triggered . | . . . . . Machines | -11 -10 -10 -8 -7 ---------- Run | Yrd Mat Sub Mat Fac Machines Disabled 7 | . 3 . 3 1 Max in Single Turn 1 | . 1 . 1 1 Machines Repaired . | . . . . . Machines Dismantled . | . . . . . Machines Sabotaged . | . . . . . Overloaded Fab Kills . | . . . . . Hacking | -11 -10 -10 -8 -7 --------- Run | Yrd Mat Sub Mat Fac Machines Accessed 20 | . 7 1 5 7 Terminals 17 | . 7 . 4 6 Fabricators 1 | . . . . 1 Repair Stations . | . . . . . Recycling Units 1 | . . . 1 . Scanalyzers . | . . . . . Garrison Access . | . . . . . Total Hacks 62 | . 25 3 16 18 Successful 33 | . 13 3 8 9 Failed 28 | . 11 . 8 9 Catastrophic 3 | . . . . 3 Database Lockouts 1 | . 1 . . . Manual 43 | . 18 . 14 11 Terminals 54 | . 25 . 14 15 Fabricators 3 | . . . . 3 Repair Stations . | . . . . . Recycling Units 2 | . . . 2 . Scanalyzers . | . . . . . Garrison Access . | . . . . . Terminal Hacks 14 | . 6 3 . 5 Record 4 | . . 3 . 1 Part Schematic 5 | . 2 . . 3 Prototype ID Bank 1 | . 1 . . . Level Access Points 1 | . 1 . . . Terminal Index 1 | . 1 . . . Locate Traps 2 | . 1 . . 1 Fabricator Hacks 1 | . . . . 1 Network Status 1 | . . . . 1 Repair Station Hacks . | . . . . . Recycling Unit Hacks 2 | . . . 2 . Report Inventory 1 | . . . 1 . Retrieve Components 1 | . . . 1 . Scanalyzer . | . . . . . Garrison Access Hacks . | . . . . . Unauthorized Hacks 16 | . 7 . 6 3 Terminals 16 | . 7 . 6 3 Botnet 3 | . 2 . 1 . Disrupt 2 | . . . 1 1 Skim 11 | . 5 . 4 2 Fabricators . | . . . . . Repair Stations . | . . . . . Recycling Units . | . . . . . Scanalyzers . | . . . . . Garrison Access . | . . . . . Data Cores Recovered 2 | . 2 . . . Used 1 | . 1 . . . Hacking Detections 18 | . 7 . 5 6 Full Trace Events 1 | . . . . 1 Feedback Events . | . . . . . Feedback Blocked . | . . . . . Robot Schematics Acquired . | . . . . . Robots Built . | . . . . . Authchips . | . . . . . Time . | . . . . . Total Robot Build Rating . | . . . . . Part Schematics Acquired 5 | . 2 . . 3 Parts Built . | . . . . . Authchips . | . . . . . Time . | . . . . . Total Part Build Rating . | . . . . . Parts Repaired . | . . . . . Time . | . . . . . Parts Recycled . | . . . . . Recycled Matter . | . . . . . Retrieved Matter . | . . . . . Retrieved Components 10 | . . . 10 . Parts Scanalyzed . | . . . . . Part Schematics Acquired . | . . . . . Parts Damaged . | . . . . . Bothacking | -11 -10 -10 -8 -7 ------------ Run | Yrd Mat Sub Mat Fac Used RIF Installer . | . . . . . Robots Hacked . | . . . . . Non-combat . | . . . . . Combat . | . . . . . Robot Hacks Applied . | . . . . . Relay Couplers Released . | . . . . . Fabnet Peak Effective % . | . . . . . Robots Rewired . | . . . . . Allies Hacked . | . . . . . Hacks Repelled . | . . . . . Allies | -11 -10 -10 -8 -7 -------- Run | Yrd Mat Sub Mat Fac Total Allies . | . . . . . Largest Group . | . . . . . Highest-Rated Group . | . . . . . Highest-Rated Ally . | . . . . . Total Orders . | . . . . . Ally Attacks . | . . . . . Total Damage . | . . . . . Kills . | . . . . . Allies Corrupted . | . . . . . Allies Melted . | . . . . . Intel | -11 -10 -10 -8 -7 ------- Run | Yrd Mat Sub Mat Fac Active Infowar (turns) 3769 | 96 229 422 1274 1748 Sensors 1233 | . . . 1233 . A.S.S. 1777 | . . . 29 1748 Terrain 256 | 27 229 . . . Traps 913 | . . . 619 294 Seismic 495 | 69 . 422 4 . Robot Analysis Total . | . . . . . Derelict Logs Recovered . | . . . . . Drone Launches . | . . . . . Drone Recoveries . | . . . . . Exploration | -11 -10 -10 -8 -7 ------------- Run | Yrd Mat Sub Mat Fac Turns Passed 5159 | 145 1293 423 1541 1757 Spaces Moved 2456 | 70 644 223 617 902 Core 5 | 5 . . . . Treads 2265 | 65 458 223 617 902 Legs 183 | . 183 . . . Wheels 3 | . 3 . . . Hover . | . . . . . Flight . | . . . . . Fastest Speed 50 | 50 110 160 155 157 Average Speed 161 | 152 168 160 160 158 Slowest Speed 240 | 160 240 160 240 165 Overloaded Moves . | . . . . . Propulsion Burnouts . | . . . . . Robots Hopped . | . . . . . Potential Cave-ins . | . . . . . Cave-ins Triggered . | . . . . . Exploration Rate (%) 36 | 6 90 16 45 26 Regions Visited 4 Branch Regions 1 Pre-discovered Areas 1 | . 1 . . . Known Exits Taken 2 | . 1 . 1 . Unknown Exits Taken 2 | 1 . 1 . . Scrap Searched . | . . . . . Spaces Dug . | . . . . . Terrain Destroyed 13 | . 10 . 3 . Melee . | . . . . . Projectile . | . . . . . AOE 13 | . 10 . 3 . Terrain Rammed . | . . . . . Walls Destroyed . | . . . . . Machines Disabled . | . . . . . Actions | -11 -10 -10 -8 -7 --------- Run | Yrd Mat Sub Mat Fac Total 3275 | 97 768 258 1025 1127 Wait 350 | 4 31 16 183 116 Move 2452 | 69 643 222 616 902 Hop . | . . . . . Pick Up 55 | 7 14 2 24 8 Fast Attach 48 | 8 9 . 25 6 Attach 19 | . 4 1 11 3 Detach 9 | 1 1 . 6 1 Swap 38 | 1 2 . 27 8 Drop 70 | 2 13 1 42 12 Fire 207 | 5 46 16 91 49 Melee . | . . . . . Ram . | . . . . . Kick . | . . . . . Crush 27 | . 5 . . 22 Escape Stasis . | . . . . . Rewire . | . . . . . Trap . | . . . . . Miscellaneous . | . . . . . Route ------- -11/Scrapyard -10/Materials (discovered 6 exits: *Mat x3 / [*Min x2] / *Sub) -10/Subcaves -8/Materials -7/Factory (discovered 1 exit: [*Fac]) History --------- Turn | Location | Event 5 | -11/Scrapyard | Discovered new exit (range 13) 146 | -11/Scrapyard | Entered Materials 331 | -10/Materials | Build established: Mutant 405 | -10/Materials | Discovered new exit (range 15) 582 | -10/Materials | Core integrity fell below 50% 639 | -10/Materials | Discovered new exit (range 16) 754 | -10/Materials | Discovered new exit (range 13) 838 | -10/Materials | Discovered new exit (range 11) 883 | -10/Materials | Identified exit to Materials 904 | -10/Materials | Central database locked down 951 | -10/Materials | Learned 4 Subcaves zone layouts 986 | -10/Materials | Identified exit to Subcaves 1010 | -10/Materials | Learned location of 1 exit from Storage 1025 | -10/Materials | Learned location of 2 exits from Mines 1026 | -10/Materials | Learned Storage security intel 1029 | -10/Materials | Learned location of Mines (-10) 1042 | -10/Materials | Learned 4 Recycling zone layouts 1439 | -10/Materials | Entered Subcaves 1440 | -10/Subcaves | Approached by a straggling Scientist 1653 | -10/Subcaves | A swath of the cavern ceiling suddenly collapsed 1654 | -10/Subcaves | Visited Clippyterm 1659 | -10/Subcaves | Learned Factory garrison access intel 1854 | -10/Subcaves | Discovered new exit (range 5) 1862 | -10/Subcaves | Entered Materials 1862 | -8/Materials | Evolved 4 slots: Propulsion x1, Utility x2, Weapon x1 2720 | -8/Materials | Build established: Skirmisher 3290 | -8/Materials | Discovered new exit (range 10) 3340 | -8/Materials | Found Corrupted Prototype Device 3364 | -8/Materials | Identified exit to Factory 3374 | -8/Materials | Identified Active Sensor Suite 3375 | -8/Materials | System corruption reached 10% 3403 | -8/Materials | Entered Factory 3403 | -7/Factory | Evolved 2 slots: Propulsion x1, Utility x1 3404 | -7/Factory | Loaded intel: 4 garrison access locations 3618 | -7/Factory | Build established: Scavenger-Skirmisher 5117 | -7/Factory | Discovered new exit (range 7) 5160 | -7/Factory | Self-destructed Last Messages --------------- 05115_ Acquired 32 matter. 05117_ EXIT=FOUND 05124_ ALERT: Active scanning activity reported from Zone 1N, dispatching Investigation squad. 05125_ ALERT: Suspicious intruders detected, dispatching Specialist reinforcements to area. 05145_ System corrupted: Heat flow error (+164). 05150_ Penetrated by Slug. 05152_ Flak Cannon destroyed. 05154_ Penetrated by Slug. 05156_ Flak Cannon destroyed. 05156_ Arm. Treads destroyed. 05156_ Slammed into H-61 Shepherd. 05158_ H-61 Shepherd calls for reinforcements. 05158_ ALERT: Hostile activity reported, dispatching reinforcements to area. 05158_ Med. Reactive Plating destroyed. 05158_ Slammed into H-61 Shepherd. 05159_ Penetrated by Slug. 05159_ Adv. Treads destroyed. Map ----- +----------------------------------------------------+ | ?# #####! #???# #??##+##+##????????????? | | ?# T ##### #### #????????????? | | ?+ //! "" + """ #????????????? | | ?# / != ########## "T" #????????????? | | ?# ##### = #????????# #????????????? | | ?#+####+###???## ##??#?????# * !#??? #???????? | | ???????????????# #???# ??####+#### #???????? | | ???????????????# ### g +???????? | | ??????????????? g< m g #######???????? | | ??????????????## ### #?????????????? | | ???????????????######+## g ???## ##?????????????? | | ????????????????????? ### #???# #??????????????? | | ??????????????????????#?# #####+######?????????? | | ????????????????????????#k # u #?????????? | | ????????????????????????# # #?????????? | | ????????????????????????# # #?????????? | | ???????????????Y????????#xm # #?????????? | | ????????????????????????# x # #?????????? | | ????????????????????????# + #?????????? | | ????????????????????????# # ^ #?????????? | | ??????????????????????### #####+######?????????? | | ???????????############ #?#u##?????????????? | | ??????????? s ### ###### #???? | | ?????????? s s s #???? | | ?????????? % %k Y +???? | | ?????????? @ #???? | | ?????????? H % ;######### #???? | | ????????????+########## k ##?????????# ###???? | | ??????????????????????####+####??????????????????? | | ????????????????????????? ?????????????????????? | | ?????????????????????????"""?????????????????????? | | ?????????????????????????""""????????????????????? | | ?????????????????????????""""????????????????????? | | ?????????????????????????"""" ???????????????????? | | ?????????????????????????????????????????????????? | | ?????????????????????????????????????????????????? | | ?????????????????????????????????????????????????? | | ?????????????????????????????????????????????????? | | ?????????????????????????????????????????????????? | | ?????????????????????????????????????????????????? | | ?????????????????????????????????????????????????? | | ????????????????????????????????????Y????????????? | | ?????????????????????????????????????????????????? | | ?????????????????????????????????????????????????? | | ?????????????????????????????????????????????????? | | ?????????????????????????????????????????????????? | | ?????????????????????????????????????????????????? | | ?????????????????????????????????????????????????? | | ?????????????????????????????????????????????????? | | ?????????????????????????????????????????????????? | +----------------------------------------------------+ Best States ------------- Heat Dissipation 34 Energy Generation 16 Energy Capacity 290 Matter Stores 300 Matter Capacity 300 Sight Range 16 Robot Scan Range 20 Terrain Scan Range 16 Terrain Scan Density 10 Armor Coverage 225 Resistance: KI 30 Evasion (%) 40 Targeting Accuracy 5 Recoil Reduction 4 Offensive Hacking 10 Item Schematics ----------------- Lgt. Treads | -10/Materials | Hacked Sensor Array | -10/Materials | Hacked Adv. Treads | -7/Factory | Hacked Imp. Cooling System | -7/Factory | Hacked Flak Cannon | -7/Factory | Hacked Robot Schematics ------------------ None Fabricated ------------ Nothing Repaired ---------- Nothing Alien Tech Used ----------------- None Achievements -------------- None Challenges ------------ None Game ------ Seed DisposableSlugMachine Manual? 0 Play Time 00:59:55 Cumulative 157.3 hours Start 2025.05.11 @ 22:39:13 End 2025.05.11 @ 23:39:36 Sessions 1 Manual Loads 0 Difficulty Rogue Special Mode None Game No. 136 Rogue 97 Adventurer 32 Explorer 7 Win Type - Total 1 Types 1/0/0/0/0/0/0/0/0/0 Lore% 26 Gallery% 59 Achievement% 53 Wizard Run 0 Options --------- Layout 1 ASCII 0 Keyboard 0 Movement Numpad Keybinds 0 Fullscreen 1 Font 24/Smallcaps Map View 50x35 Zoom Use 0% Tactical HUD 1 Map Filters NONE Filters NONE Steam 1 RUN: 817ad0c6-1567-4094-9c9b-373ee76164a2